 Dungeon Crawl Stone Soup version 0.26-a0-43-g20b394cb32 (webtiles) character file.

Game seed: 17683340795268374136

9104 Gargoyl the Envoy of Void (level 11, -8/89 HPs)
             Began as a Centaur Abyssal Knight on June 3, 2020.
             Was a High Priest of Lugonu.
             Mangled by a troll (10 damage)
             ... on level 10 of the Dungeon.
             The game lasted 00:21:58 (13257 turns).

Gargoyl the Envoy of Void (Centaur Abyssal Knight) Turns: 13257, Time: 00:21:59

Health: -8/89      AC: 10    Str: 17      XL:     11   Next: 18%
Magic:  16/16      EV:  1    Int: 10 (11) God:    Lugonu [*****.]
Gold:   500        SH: 13    Dex: 15 (16) Spells: 10/10 levels left

rFire    + . .     SeeInvis +   y - +6 mace of Kemik {speed, rPois rN+}
rCold    + . .     Gourm    .   n - +0 kite shield
rNeg     + . .     Faith    .   z - +0 plate armour
rPois    +         Spirit   .   j - +0 helmet
rElec    .         Reflect  +   s - scarf {rC+ rF+}
rCorr    .         Harm     .   (no gloves)
MR       .....                  (no barding)
Stlth    ..........             r - amulet of reflection
HPRegen  0.24/turn              w - ring of see invisible
MPRegen  0.15/turn              h - +6 ring of dexterity

@: lethally poisoned (-8 -> -10), very heavily drained, very quick
A: large, hooves 3, see invisible, deformed body, deterioration 1, speed 2,
tough skin 3
a: Depart the Abyss, Bend Space, Banish, Corrupt, Enter the Abyss, Renounce
Religion


You were on level 10 of the Dungeon.
You worshipped Lugonu.
Lugonu was extremely pleased with you.
You were very hungry.

You visited 1 branch of the dungeon, and saw 10 of its levels.
You visited the Abyss 1 time.

You collected 539 gold pieces.
You spent 39 gold pieces at shops.

Inventory:

Hand Weapons
 a - a +4 hand axe of flaming
 y - the +6 mace of Kemik (weapon) {speed, rPois rN+}
   (You found it on level 8 of the Dungeon)

   Attacks with this weapon are significantly faster.
   It protects you from poison.
   It protects you from negative energy.
 F - a +2 hand axe of freezing
Missiles
 v - 19 boomerangs (quivered)
Armour
 j - a +0 helmet (worn)
 n - a +0 kite shield (worn)
 s - a scarf of resistance (worn)
 z - a +0 plate armour (worn)
Jewellery
 h - a +6 ring of dexterity (right hand)
 r - an amulet of reflection (around neck)
 w - a ring of see invisible (left hand)
Wands
 d - a wand of flame (52)
 f - a wand of digging (12)
 q - a wand of clouds (5)
 x - a wand of polymorph (17)
 H - a wand of disintegration (20)
Scrolls
 e - 2 scrolls of amnesia
 g - 8 scrolls of identify
 m - 7 scrolls of teleportation
 o - a scroll of blinking
 t - a scroll of remove curse
 C - a scroll of magic mapping
 D - a scroll of fog
 G - 2 scrolls of fear
Potions
 b - 3 potions of curing
 i - a potion of degeneration {unknown}
 l - a potion of stabbing
 p - 2 potions of flight
 u - a potion of lignification
Comestibles
 c - 11 rations


   Skills:
 + Level 5.8(2.7) Fighting
 + Level 7.2(4.4) Axes
 + Level 3.8(2.9) Maces & Flails
 + Level 2.6(0.0) Throwing
 * Level 6.5(3.3) Armour
 * Level 5.1(2.1) Dodging
 + Level 4.4(1.4) Shields
 * Level 7.6(4.4) Invocations


You had 10 spell levels left.
You didn't know any spells.
Your spell library contained the following spells:

 Spells                   Type           Power        Failure   Level  Hunger
 Sandblast                Erth           #.....       100%        1    ##.....
 Sting                    Tmut/Pois      #...         100%        1    ##.....
 Passwall                 Tmut/Erth      #.......     100%        2    ###....
 Poisonous Vapours        Pois/Air       #.....       100%        2    ###....
 Ignite Poison            Fire/Tmut/Pois #.......     100%        3    ####...
 Mephitic Cloud           Conj/Pois/Air  #.......     100%        3    ####...
 Stone Arrow              Conj/Erth      #.....       100%        3    ####...
 Olgreb's Toxic Radiance  Pois           #.......     100%        4    #####..
 Petrify                  Tmut/Erth      #.......     100%        4    #####..
 Lee's Rapid Deconstruct  Erth           #.........   100%        5    ######.


Dungeon Overview and Level Annotations

Branches:
Dungeon (10/15)            Temple (0/1) D:7            Lair (0/6) D:9
    Orc (0/2) D:9

Altars:
Ashenzari
Fedhas
Gozag
Hepliaklqana
Nemelex Xobeh
Qazlal
Ru
Sif Muna
Trog
Uskayaw
Vehumet
Zin
The Shining One

Shops:
D:8 !

Annotations:
Abyss:1 Snorg


Innate Abilities, Weirdness & Mutations

You have hooves in place of feet.
Armour fits poorly on your strangely shaped body.
You cover ground very quickly.
You have extremely tough skin. (AC +3)
You have supernaturally acute eyesight. (SInv)
Your body sometimes deteriorates upon taking damage.


Message History

You barely miss the troll.
You feel sick. You block the troll's attack.
The troll claws you but does no damage. x2
You hit the troll but do no damage.
You feel sick. The troll bites you. The troll claws you but does no damage.
You block the troll's attack.
You closely miss the troll.
You feel sick. The troll bites you! The troll claws you but does no damage.
You block the troll's attack.
You closely miss the troll. Your kick misses the troll. The troll bites you!
The troll claws you but does no damage. The troll claws you.
Your plate armour prevents you from hitting the troll.
Your kick misses the troll.
You feel sick. The troll bites you.
* * * LOW HITPOINT WARNING * * *
The troll claws you but does no damage. The troll claws you.
* * * LOW HITPOINT WARNING * * *
You barely miss the troll. Your kick misses the troll.
You feel sick. The troll bites you!
* * * LOW HITPOINT WARNING * * *
The troll claws you!
* * * LOW HITPOINT WARNING * * *
The troll claws you!
You die...

#....# ##############......# #
#.(..####............<......####
#...............................
#...............................
##...............................
...........#####.#####....#######
...........#,,,#.# #....#,,,,,,
.....#'#####,,,#.# #....#,,..,,
...<.#........,#@# #....#....,,
##...#........,#T#####..T.'.....,
#...#........,#..>y......#.....,
#...+........,#..........#.....,
#...#+####...##..........#######
#....,,,,*...#..................
*#....,...*,..#....)....######...
,.........###+#...[>....'....#...
,*****,..............[..#....'...


You could see a troll.

Vanquished Creatures
  Josephine (D:10)
  Harold (D:8)
  The ghost of ahoss the Fighter, a novice CeFi of Okawaru (D:8)
  Sonja (D:10)
  2 hippogriffs
  4 wraiths (D:10)
  Menkaure (D:5)
  A water moccasin (D:5)
  6 orc warriors
  A sky beast (D:5)
  An ice beast (D:8)
  4 ogres
  A black bear (D:8)
  3 phantoms
  4 centaurs
  3 big kobolds
  6 bullfrogs
  A scorpion (D:8)
  7 killer bees (D:10)
  7 wights
  3 howler monkeys (D:8)
  5 crimson imps
  A bullfrog zombie (D:9)
  6 hounds
  6 orc wizards
  3 orc priests
  2 centaur skeletons
  4 iguanas
  16 worker ants
  A hound skeleton (D:4)
  Robin (D:3)
  A river rat (D:3)
  2 worker ant zombies
  5 adders
  6 gnolls
  A shadow imp (D:5)
  An adder skeleton (D:8)
  2 adder zombies
  2 worms
  A leopard gecko (D:1)
  27 orcs
  2 ball pythons
  10 giant cockroaches
  17 goblins
  8 hobgoblins
  17 jackals
  8 quokkas
  4 bats
  6 frilled lizards
  21 kobolds
  6 rats
251 creatures vanquished.

Vanquished Creatures (others)
  A two-headed ogre (D:7)
1 creature vanquished.

Grand Total: 252 creatures vanquished

Notes
Turn   | Place    | Note
-------+----------+-------------------------------------------
     0 | Abyss:1  | Gargoyl the Centaur Abyssal Knight began the quest for the
                  | Orb.
     0 | Abyss:1  | Reached XP level 1. HP: 19/19 MP: 2/2
    50 | Abyss:1  | Found a corrupted altar of Lugonu.
   124 | Abyss:2  | Found a corrupted altar of Lugonu.
   135 | Abyss:2  | Noticed a large abomination
   159 | Abyss:2  | Noticed a neqoxec
   181 | Abyss:2  | Noticed a small abomination
   182 | D:1      | Escaped the Abyss
   228 | D:1      | Reached * piety under Lugonu
   229 | D:1      | Reached XP level 2. HP: 15/26 MP: 3/3
   726 | D:1      | Reached skill level 1 in Dodging
  1068 | D:1      | Reached XP level 3. HP: 25/31 MP: 4/4
  1534 | D:2      | Found a faded altar of an unknown god.
  1671 | D:2      | Reached ** piety under Lugonu
  1671 | D:2      | Reached XP level 4. HP: 22/38 MP: 5/5
  2365 | D:3      | Reached XP level 5. HP: 37/45 MP: 7/7
  2580 | D:3      | Noticed Robin
  2605 | D:3      | Killed Robin
  3100 | D:3      | Reached *** piety under Lugonu
  3440 | D:4      | Noticed a phantom
  3463 | D:4      | Killed a phantom
  3463 | D:4      | Reached XP level 6. HP: 52/52 MP: 8/8
  3538 | D:4      | Found a stormy altar of Qazlal.
  3540 | D:4      | Noticed an air elemental
  3540 | D:4      | Noticed a water elemental
  3541 | D:4      | Noticed a fire elemental
  3717 | D:4      | Found a sparkling altar of Nemelex Xobeh.
  3717 | D:4      | Found a shattered altar of Ashenzari.
  3722 | D:4      | Found a glowing silver altar of Zin.
  3724 | D:4      | Found a blossoming altar of Fedhas.
  3725 | D:4      | Found a hide-covered altar of Uskayaw.
  4074 | D:4      | Reached XP level 7. HP: 51/58 MP: 9/9
  4413 | D:5      | Entered Level 5 of the Dungeon
  4837 | D:5      | Noticed Menkaure
  4848 | D:5      | Killed Menkaure
  5189 | D:5      | Reached XP level 8. HP: 66/66 MP: 11/11
  5372 | D:6      | Found a sacrificial altar of Ru.
  5775 | D:6      | Reached skill level 1 in Shields
  6053 | D:6      | Reached skill level 5 in Axes
  6107 | D:6      | Reached skill level 1 in Throwing
  6167 | D:6      | Reached skill level 5 in Invocations
  6249 | D:6      | Reached **** piety under Lugonu
  6504 | D:7      | Reached skill level 5 in Armour
  6685 | D:7      | Reached XP level 9. HP: 72/72 MP: 12/12
  6734 | D:7      | Gained mutation: Your body sometimes deteriorates upon
                  | taking damage. [potion of mutation]
  6734 | D:7      | Gained mutation: You have supernaturally acute eyesight.
                  | (SInv) [potion of mutation]
  6744 | D:7      | Noticed a two-headed ogre
  7446 | D:7      | Found a staircase to the Ecumenical Temple.
  7663 | D:7      | Found a bloodstained altar of Trog.
  7685 | D:8      | Noticed Harold
  7729 | D:8      | Killed Harold
  7796 | D:7      | Banished a two-headed ogre
  7796 | D:7      | Reached skill level 5 in Fighting
  8072 | D:8      | Reached XP level 10. HP: 78/81 MP: 14/14
  8082 | D:8      | Found a radiant altar of Vehumet.
  8113 | D:8      | Found a runed translucent door.
  8120 | D:8      | Noticed ahoss's ghost (novice CeFi)
  8283 | D:8      | Killed ahoss's ghost
  8288 | D:8      | Got an iridescent mace
  8485 | D:8      | Identified the +6 mace of Kemik {speed, rPois rN+} (You
                  | found it on level 8 of the Dungeon)
  8517 | D:8      | Found an opulent altar of Gozag.
  9410 | D:8      | Reached skill level 1 in Maces & Flails
  9640 | D:8      | Found Fosoenwa's Distillery.
  9643 | D:8      | Bought a potion of curing for 39 gold pieces
 10073 | D:9      | Found a staircase to the Lair.
 10092 | D:9      | Got an encrusted falchion
 10093 | D:9      | Identified the +3 falchion "Rotuhu" {vorpal, rC+} (You
                  | found it on level 9 of the Dungeon)
 10457 | D:9      | Found a staircase to the Orcish Mines.
 10458 | D:9      | Found a glowing golden altar of the Shining One.
 10459 | D:9      | Found a sacrificial altar of Ru.
 10459 | D:9      | Found a shimmering blue altar of Sif Muna.
 10460 | D:9      | Found a hazy altar of Hepliaklqana.
 10469 | D:9      | Reached ***** piety under Lugonu
 11462 | D:10     | Entered Level 10 of the Dungeon
 11838 | D:10     | Noticed Josephine
 11868 | D:10     | Killed Josephine
 11888 | D:10     | Reached skill level 5 in Dodging
 11902 | D:10     | Noticed a two-headed ogre
 12145 | D:10     | Noticed Snorg
 12145 | D:10     | Noticed Sonja
 12160 | D:9      | HP: 3/83 [Snorg (8)]
 12166 | D:9      | Banished Snorg
 12166 | D:9      | Reached XP level 11. HP: 18/89 MP: 11/16
 12530 | D:10     | Killed Sonja
 13257 | D:10     | HP: 2/89 [troll (8)]
 13257 | D:10     | Mangled by a troll

Illustrated notes

Levels and vault maps discovered:
D:1:      dpeg_arrival_boxes_within_box, layout_basic
D:2:      layout_rooms, chequers_ecumenical_altar_grove
D:3:      layout_rooms, portal_sewer_entry_e, serial_curves, eino_curves_04,
          eino_curves_02, uniq_robin
D:4:      layout_loops_ring, nicolae_qazlal_style_of_elements,
          chequers_temple_overflow_minitemple, first_ration,
          grunt_decor_resistance
D:5:      layout_basic, chequers_mini_garden, uniq_menkaure
D:6:      layout_basic, hangedman_ru_absence
D:7:      layout_rooms, kennysheep_mini, minmay_temple_entry_mini_moons
D:8:      layout_layer_cave, grunt_gozag_statues,
          nicolae_overflow_crystal_walls, ebering_ghost_inner_flame,
          serial_shops, kennysheep_mini_moat, uniq_harold
D:9:      layout_stronghold, chequers_temple_overflow_statue_of_worship,
          lair_entry_dummy, orc_0_dummy
D:10:     layout_irregular_city, uniq_josephine, uniq_snorg, uniq_sonja

Skill      XL: |  1  2  3  4  5  6  7  8  9 10 |
---------------+-------------------------------+-----
Axes           | 2 3 4 5 6 7 |  7.2
Dodging        | 1 2 3 4 5 |  5.1
Armour         | 2 3 4 5 6 |  6.5
Invocations    | 3 4 5 6 7 |  7.6
Fighting       | 4 5 |  5.8
Shields        | 1 3 4 |  4.4
Throwing       | 1 2 |  2.6
Maces & Flails | 3 |  3.8

Action                   |  1- 3 |  4- 6 |  7- 9 | 10-12 || total
-------------------------+-------+-------+-------+-------++-------
Melee: Hand axe          |    78 |   143 |   307 |    34 ||   562
       Kick              |     8 |    38 |   101 |    98 ||   245
       Mace              |       |       |       |   319 ||   319
Throw: Boomerang         |       |    10 |    34 |       ||    44
Invok: Depart the Abyss  |     1 |       |       |       ||     1
       Banish            |       |       |     1 |     2 ||     3
       Bend Space        |       |       |     1 |       ||     1
Evoke: Wand              |       |       |       |     1 ||     1
  Use: Scroll            |     4 |    13 |     5 |     2 ||    24
       Potion            |     1 |       |     5 |     5 ||    11
  Eat: Chunk             |     1 |     7 |    12 |    10 ||    30
       Ration            |       |       |       |     1 ||     1
Armor: Leather armour    |    21 |       |       |       ||    21
       Ring mail         |    14 |    66 |    26 |       ||   106
       Plate armour      |       |       |   100 |   161 ||   261
       Skin              |       |       |    13 |     7 ||    20
Dodge: Dodged            |    40 |    42 |    34 |    26 ||   142
Block: Kite shield       |       |    17 |   234 |   252 ||   503
       Reflection        |       |       |    17 |    14 ||    31

Table legend:
 A = Non-vault XP
 B = Vault XP
 C = Vault XP percentage of total XP
 D = Non-vault monster count
 E = Vault monster count
 F = Vault count percentage of total count
                 A         B        C        D         E       F
            +---------+---------+-------+---------+---------+-------
      Total |    7485 |    5522 |  42.5 |     222 |      31 |  12.3
            +---------+---------+-------+---------+---------+-------
        D:1 |      47 |       0 |   0.0 |      28 |       0 |   0.0
        D:2 |      91 |       0 |   0.0 |      21 |       0 |   0.0
        D:3 |     112 |      62 |  35.6 |      14 |      20 |  58.8
        D:4 |     446 |       0 |   0.0 |      12 |       0 |   0.0
        D:5 |     516 |     183 |  26.2 |      11 |       1 |   8.3
        D:6 |    1050 |       0 |   0.0 |      20 |       0 |   0.0
        D:7 |    1387 |       0 |   0.0 |      27 |       0 |   0.0
        D:8 |    1577 |    1937 |  55.1 |      41 |       3 |   6.8
        D:9 |    1192 |     628 |  34.5 |      31 |       1 |   3.1
       D:10 |    1067 |    2712 |  71.8 |      17 |       6 |  26.1
            +---------+---------+-------+---------+---------+-------
